 Dungeon Crawl Stone Soup version 0.29-a0-1008-g949cc1d0fb (webtiles) character file.

Game seed: 641812986754627867

149 Sobieck the Cutter (level 5, -4/40 HPs)
             Began as a Vine Stalker Fighter on Aug 7, 2022.
             Succumbed to a killer bee's poison
             ... on level 4 of the Dungeon.
             The game lasted 00:05:54 (3316 turns).

Sobieck the Cutter (Vine Stalker Fighter)           Turns: 3316, Time: 00:05:55

Health: -4/40      AC: 22    Str: 19    XL:     5   Next: 31%
Magic:  1/6        EV:  2    Int:  8    God:
Gold:   173        SH:  5    Dex: 15    Spells: 4/4 levels left

rFire   . . .      SeeInvis .   a - +0 rapier {short}
rCold   . . .      Faith    .   c - +0 buckler
rNeg    . . .      Spirit   +   (body armour currently unavailable)
rPois   +          Reflect  .   (helmet currently unavailable)
rElec   .          Harm     .   (cloak currently unavailable)
rCorr   .          Rampage  .   (gloves currently unavailable)
Will    .....      NoTele   +   (boots currently unavailable)
Stlth   +.........              (no amulet)
HPRegen 0.93/turn               (no ring)
MPRegen 0.10/turn               (no ring)

@: lethally poisoned (-4 -> -28), tree-form
A: stationary, stasis, torment immunity, boosted hp, (fangs 2), regeneration 1,
magic shield, (antimagic bite), no potion heal 2
a: no special abilities


You were on level 4 of the Dungeon.
You were a tree.
You visited 1 branch of the dungeon, and saw 4 of its levels.

You collected 173 gold pieces.


Innate Abilities, Weirdness & Mutations

You are a tree.
Your roots penetrate the ground, keeping you stationary.
You cannot be teleported.
You are immune to unholy pain and torment.
Your maximum health is greatly increased.
Your equipment is partially melded.
((You have extremely sharp teeth.))
Your natural rate of healing is unusually fast.
When hurt, damage is shared between your health and your magic reserves.
((Your bite disrupts and absorbs the magic of your enemies.))
Potions cannot restore your health.


   Skills:
 - Level 2.6 Fighting
 + Level 4.9 Short Blades
 - Level 2.4 Armour
 - Level 2.6 Shields


You had 4 spell levels left.
You didn't know any spells.
Your spell library contained the following spells:

 Spells                   Type           Power      Damage    Failure   Level
 Slow                     Hex            0%         N/A       50%         1
 Static Discharge         Conj/Air       0%         3-3/arc   65%         2
 Confusing Touch          Hex            0%         N/A       86%         3
 Vampiric Draining        Necr           0%         2d6       86%         3
 Dispel Undead            Necr           0%         3d6       99%         4
 Sticky Flame             Conj/Fire      0%         2d3       99%         4

Inventory:

Hand Weapons
 a - a +0 rapier (weapon) {short}
 j - a +0 dagger of draining {short}
   (You took it off a kobold on level 1 of the Dungeon)
Missiles
 f - 34 stones (quivered) {throwing}
Armour
 b - a +0 scale mail (melded)
 c - a +0 buckler (worn)
 e - a +0 leather armour
   (You found it on level 1 of the Dungeon)
 r - a +0 robe
   (You took it off an orc wizard on level 3 of the Dungeon)
 s - a +0 ring mail
   (You found it on level 3 of the Dungeon)
Scrolls
 h - a scroll of teleportation {@r4}
 k - a scroll of blinking {unknown}
 l - a scroll of vulnerability {unknown}
 m - a scroll of noise {unknown}
 t - a scroll of butterflies {unknown}
 v - a scroll of magic mapping {unknown}
Potions
 d - a potion of might
 n - a potion of lignification {!q}
 o - a potion of flight {unknown}
 p - a potion of cancellation {unknown}
 q - a potion of brilliance {unknown}
 u - 2 potions of mutation {!q}

Dungeon Overview and Level Annotations

Branches:
Dungeon (4/15) Zot: 20667
 Temple: D:4-7

Altars:
Elyvilon
Ru
Sif Muna
Wu Jian
Zin
The Shining One

Shops:
D:1

: ## #################....
#............+..#....
#............#..'.... #
#............#..#....
..#######...........#..#....
.:......#...#####'###'##....
........#.y.#...............
y.......#.y♣#...............
........#.yy#...............
....y)..#'###...............
##.............#+#########'#
#.............#......#....#
#.............#......#....+
#.............#......#....#
#......#####'##......#>...#
#......#.............#....#


You could see 4 killer bees.


Message History

The hobgoblin hits you but does no damage.
You hit the hobgoblin.
You kill the hobgoblin!
You hit the ball python. You bite the ball python. You drain its power.
You feel invigorated. The ball python bites you.
You block the ball python's attack.
You barely miss the ball python. You bite the ball python.
You kill the ball python!
No target in view!
No target in view!
Found a stone staircase leading down.
Unknown command.
You pick up a book of Debilitation and begin reading...
You add the spells Slow, Vampiric Draining and Confusing Touch to your library.
Unknown command.
You now have 173 gold pieces (gained 12).
There is an open door here.
Found a stone staircase leading down.
Unknown command.
There is an open door here.
A worm comes into view.
Danger!
You block the worm's attack.
You hit the worm. You bite the worm. You drain its power.
You barely miss the worm. You bite the worm, but do no damage.
The worm bites you but does no damage.
You barely miss the worm. Your bite misses the worm.
The worm completely misses you.
You hit the worm but do no damage. You bite the worm, but do no damage.
You hit the worm. The worm bites you but does no damage.
You hit the worm. You hit the worm. You bite the worm.
You kill the worm!
No target in view!
There is an open door here.
There is an open door here.
There is an open door here.
There is an open door here.
A killer bee comes into view.
The killer bee buzzes angrily.
A killer bee comes into view. x2
Danger!
Unknown command.
The killer bee buzzes angrily.
There is an open door here.
Unknown command.
You closely miss the killer bee.
A killer bee comes into view.
The killer bee stings you but does no damage.
The killer bee closely misses you.
The killer bee buzzes angrily.
You hit the killer bee.
You hear an angry buzzing noise.
The killer bee stings you but does no damage. x2
You closely miss the killer bee. The killer bee stings you.
You block the killer bee's attack. The killer bee barely misses you.
The killer bee stings you but does no damage.
The killer bee barely misses you. The killer bee misses you.
Unknown command.
You closely miss the killer bee. You bite the killer bee. You drain its power.
You feel invigorated.
The killer bee stings you but does no damage.
You block the killer bee's attack. x2; The killer bee barely misses you.
You block the killer bee's attack. The killer bee stings you.
You are poisoned.
The killer bee poisons you!
You closely miss the killer bee.
You feel very sick.
The killer bee stings you but does no damage.
The killer bee barely misses you. The killer bee closely misses you.
The killer bee barely misses you.
The killer bee stings you but does no damage.
The killer bee stings you. x2
You are more poisoned.
The killer bee poisons you! The killer bee barely misses you.
As you read the scroll labelled ACIALLURIU, it crumbles to dust.
You feel strangely unstable.
It was a scroll of teleportation.
You feel very sick. The killer bee barely misses you.
The killer bee stings you. The killer bee stings you!
* * * LOW HITPOINT WARNING * * *
You are lethally poisoned!
The killer bee poisons you! The killer bee stings you.
* * * LOW HITPOINT WARNING * * *
The killer bee closely misses you.
The killer bee stings you but does no damage.
You block the killer bee's attack. The killer bee stings you.
* * * LOW HITPOINT WARNING * * *
You are more poisoned.
The killer bee poisons you!
Really quaff
n - 2 potions of lignification {!q}? [Y]es or [N]o only, please.
Really quaff
n - 2 potions of lignification {!q}?
Really quaff the potion of lignification?
You turn into a tree.
Your +0 scale mail melds into your body.
Your roots penetrate the ground.
You feel strangely stable.
You die...

Skill      XL: |  1  2  3  4 |
---------------+-------------+-----
Short Blades   | 2 3 4 |  4.9
Fighting       | |  2.6
Armour         | |  2.4
Shields        | |  2.6

Action                   |  1- 3 |  4- 6 || total
-------------------------+-------+-------++-------
Melee: Rapier            |   127 |   133 ||   260
       Bite              |    23 |    31 ||    54
  Use: Scroll            |       |     4 ||     4
       Potion            |       |     1 ||     1
Armor: Scale mail        |    42 |    54 ||    96
Dodge: Dodged            |    47 |    49 ||    96
Block: Buckler           |    26 |    33 ||    59

Levels and vault maps discovered:
D:1:      ebering_trefoil_3fold, layout_loops_cross, serial_shops,
          nicolae_shop_statue_plus, shapermc_ecumenical_altar_totnotflames,
          kennysheep_nondescript, minmay_misc_feat_more_columns
D:2:      layout_loops_ring
D:3:      cheibrodos_old_hovel, layout_basic, good_gods_mini_temple
D:4:      layout_gridville, nicolae_sif_muna_condensation,
          mainiacjoe_overflow_catwalk_spiral, minmay_temple_entry_tees

Notes
Turn   | Place    | Note
-------+----------+-------------------------------------------
     0 | D:1      | Sobieck the Vine Stalker Fighter began the quest for the
                  | Orb.
     0 | D:1      | Reached XP level 1. HP: 11/11 MP: 2/2
    22 | D:1      | Reached skill level 2 in Short Blades
   254 | D:1      | Reached XP level 2. HP: 16/16 MP: 3/3
   551 | D:1      | Found a faded altar of an unknown god.
   703 | D:1      | Reached skill level 3 in Short Blades
   837 | D:1      | Reached XP level 3. HP: 10/10 MP: 4/4
   854 | D:1      | Found Enyakhodegh's Book Shop.
  1777 | D:2      | You pick up a book of Touch and begin reading...
  1777 | D:2      | You add the spells Static Discharge, Sticky Flame and
                  | Dispel Undead to your library.
  1867 | D:2      | Gained mutation: Your natural rate of healing is unusually
                  | fast. [Vine Stalker growth]
  1867 | D:2      | Reached XP level 4. HP: 16/19 MP: 5/5
  2295 | D:3      | Reached skill level 4 in Short Blades
  2909 | D:4      | Reached XP level 5. HP: 23/27 MP: 4/6
  2981 | D:3      | You fall into a shaft and drop 1 floor!
  3005 | D:4      | Found a shimmering blue altar of Sif Muna.
  3023 | D:4      | Found an ornate altar of the Wu Jian Council.
  3031 | D:4      | Found a sacrificial altar of Ru.
  3158 | D:3      | Found a white marble altar of Elyvilon.
  3158 | D:3      | Found a glowing silver altar of Zin.
  3158 | D:3      | Found a glowing golden altar of the Shining One.
  3248 | D:4      | You pick up a book of Debilitation and begin reading...
  3248 | D:4      | You add the spells Slow, Vampiric Draining and Confusing
                  | Touch to your library.
  3315 | D:4      | HP: 6/27 [killer bee (4)]
  3315 | D:4      | HP: 2/27 [killer bee (4)]
  3316 | D:4      | Succumbed to a killer bee's poison

Vanquished Creatures
  An orc wizard (D:3)
  3 adders
  A worm (D:4)
  3 dart slugs
  7 orcs
  5 ball pythons
  4 endoplasms
  4 giant cockroaches
  6 goblins
  9 hobgoblins
  3 jackals (D:4)
  4 quokkas
  6 bats
  6 frilled lizards
  7 kobolds
  8 rats
77 creatures vanquished.

Table legend:
 A = Non-vault XP
 B = Vault XP
 C = Vault XP percentage of total XP
 D = Non-vault monster count
 E = Vault monster count
 F = Vault count percentage of total count
                 A         B        C        D         E       F
            +---------+---------+-------+---------+---------+-------
      Total |     211 |       2 |   0.9 |      76 |       1 |   1.3
            +---------+---------+-------+---------+---------+-------
        D:1 |      55 |       0 |   0.0 |      31 |       0 |   0.0
        D:2 |      41 |       0 |   0.0 |      17 |       0 |   0.0
        D:3 |      69 |       2 |   2.8 |      18 |       1 |   5.3
        D:4 |      46 |       0 |   0.0 |      10 |       0 |   0.0
            +---------+---------+-------+---------+---------+-------

Illustrated notes

Table legend:
 A = Kills in this place as a percentage of kills in entire the game.
 B = Kills by you in this place as a percentage of kills by you in the entire game.
 C = Kills by friends in this place as a percentage of kills by friends in the entire game.
 D = Other kills in this place as a percentage of other kills in the entire game.
 E = Experience gained in this place as a percentage of experience gained in the entire game.
 F = Experience gained in this place divided by the number of levels of this place that you have seen.
                   A       B       C       D       E      F
               +-------+-------+-------+-------+-------+----------------------
         Total | 100.0 | 100.0 |   N/A |   N/A | 100.0 |  53.2
       Dungeon | 100.0 | 100.0 |   N/A |   N/A | 100.0 |  53.2
               +-------+-------+-------+-------+-------+----------------------

Table legend: (Time is in decaauts)
 A = Elapsed time spent in this place.
 B = Non-inter-level travel time spent in this place.
 C = Inter-level travel time spent in this place.
 D = Time resting spent in this place.
 E = Time spent auto-exploring this place.
 F = Levels seen in this place.
 G = Mean time per level.
                   A        B        C        D        E       F      G
               +--------+--------+--------+--------+--------+-----+--------+
         Total |   3332 |   3169 |    163 |     20 |   2562 |   4 |  833.0 |
       Dungeon |   3332 |   3169 |    163 |     20 |   2562 |   4 |  833.0 |
               +--------+--------+--------+--------+--------+-----+--------+

Top non-repeatable levels by time:
     D:1: 1388 daAuts
     D:2: 948 daAuts
     D:3: 695 daAuts
     D:4: 299 daAuts
